 Dungeon Crawl Stone Soup version 0.21.1-1-g345015f (webtiles) character file.

105 Melicamp the Skirmisher (level 4, -10/40 HPs)
             Began as a Barachi Wanderer on Apr 10, 2018.
             Mangled by Crazy Yiuf
             ... wielding a +4 quarterstaff of chaos
              (17 damage)
             ... on level 3 of the Dungeon.
             The game lasted 00:11:50 (3225 turns).

Melicamp the Skirmisher (Barachi Wanderer)          Turns: 3225, Time: 00:11:50

Health: -10/40     AC: 10    Str: 12    XL:     4   Next: 81%
Magic:  1/4        EV:  5    Int: 11    God:
Gold:   106        SH:  0    Dex: 15    Spells: 3/3 levels left

rFire    . . .     SeeInvis .   v - +0 morningstar
rCold    . . .     Gourm    .   (no shield)
rNeg     . . .     Faith    .   x - +0 chain mail
rPois    .         Spirit   .   o - +0 helmet
rElec    .         Reflect  .   (no cloak)
rCorr    .         Harm     .   (no gloves)
MR       .....                  (no boots)
Stlth    ..........             (no amulet)
HPRegen  0.13/turn              (no ring)
MPRegen  0.09/turn              (no ring)

@: lethally poisoned (-10 -> -28), can't hop, hasted, drained, very quick
A: +LOS, swims, slowness 1, strong legs 1
a: Hop


You were on level 3 of the Dungeon.
You were not hungry.

You visited 1 branch of the dungeon, and saw 3 of its levels.

You collected 106 gold pieces.

Inventory:

Hand Weapons
 b - a +0 vampiric rapier
   (You found it on level 3 of the Dungeon)
 v - a +0 morningstar (weapon)
   (You took it off an orc on level 3 of the Dungeon)
Missiles
 a - 172 stones (quivered)
 s - 24 arrows
Armour
 d - a +1 ring mail
 l - a +0 ring mail of cold resistance
   (You found it on level 1 of the Dungeon)
 m - a +0 ring mail of fire resistance
   (You found it on level 1 of the Dungeon)
 o - a +0 helmet (worn)
   (You found it on level 1 of the Dungeon)
 x - a +0 chain mail (worn)
   (You found it on level 3 of the Dungeon)
Magical Staves
 t - an uncursed staff of conjuration {unknown}
   (You found it on level 2 of the Dungeon)
Jewellery
 i - an uncursed amulet of guardian spirit {unknown}
   (You found it on level 1 of the Dungeon)
 k - a cursed -3 ring of protection {unknown}
   (You found it on level 2 of the Dungeon)
Wands
 p - a wand of flame (22)
   (You found it on level 2 of the Dungeon)
Scrolls
 c - 3 scrolls of teleportation
 n - 3 scrolls of enchant weapon
Potions
 e - a potion of magic {unknown}
 g - 2 potions of haste
 h - 2 potions of mutation {unknown}
 j - 3 potions of degeneration {unknown}
 q - a potion of ambrosia {unknown}
 u - a potion of lignification {unknown}
 w - 2 potions of curing {unknown}
Comestibles
 f - 10 rations


   Skills:
 * Level 5.7(5.4) Fighting
   Level 2.3(2.1) Axes
 + Level 0.4(1.8) Maces & Flails
 - Level 2.1(1.9) Staves
 - Level 2.8(2.4) Armour
 - Level 1.7(1.4) Stealth


You had 3 spell levels left.
You didn't know any spells.

Dungeon Overview and Level Annotations

Branches:
Dungeon (3/15)

Altars:

Annotations:
D:3 Crazy Yiuf


Innate Abilities, Weirdness & Mutations

Shadows flee at your approach. (+LOS)
You can swim through water.
You cover ground slowly.
You can hop short distances.


Message History

You closely miss the goblin.
The goblin is severely wounded.
The goblin completely misses you.
You sock the goblin!
You kill the goblin!
No target in view!
You start resting.
HP restored.
You see here a club.
There is a stone staircase leading down here.
There is an open door, spattered with blood here.
There is an open door, spattered with blood here.
You see here a dagger.
Done exploring.
Done exploring.
Enter note: Yiuf wandering Crazy Yiuf shouts!
Crazy Yiuf is too close now for your liking.
Hop to where?
Press: ? - help, Dir - move target cursor Boing!
Wield which item (- for none, * to show all)? (? for menu, Esc to quit)
Okay, then.
Wear which item? (? for menu, Esc to quit)
You start removing your armour.
You continue taking off your +1 ring mail. x4
You finish taking off your +1 ring mail.
You start putting on your armour.
You continue putting on your +0 chain mail. x2
Keep equipping yourself?
You continue putting on your +0 chain mail.
Crazy Yiuf laughs, "Trifle!
Aardvark meccalolo Xom."
You continue putting on your +0 chain mail.
Crazy Yiuf cries, "Announcement!
Island illywillydillykilly tea."
Crazy Yiuf hits you with a quarterstaff of chaos.
You feel your power leaking away.
You continue putting on your +0 chain mail.
You finish putting on your +0 chain mail.
You completely miss Crazy Yiuf.
Crazy Yiuf hits you with a quarterstaff of chaos!
You feel drained.
Crazy Yiuf hits you with a quarterstaff of chaos.
Crazy Yiuf burns you.
You closely miss Crazy Yiuf.
Crazy Yiuf hits you with a quarterstaff of chaos!
* * * LOW HITPOINT WARNING * * *
Crazy Yiuf burns you.
* * * LOW HITPOINT WARNING * * *
You hit Crazy Yiuf but do no damage.
You are ready to hop once more.
Crazy Yiuf hits you but does no damage.
Your chain mail prevents you from hitting Crazy Yiuf.
Crazy Yiuf hits you with a quarterstaff of chaos.
* * * LOW HITPOINT WARNING * * *
Crazy Yiuf barely misses you.
You closely miss Crazy Yiuf. Crazy Yiuf barely misses you.
You barely miss Crazy Yiuf.
Crazy Yiuf cries, "You leg down broken song, no?"
Crazy Yiuf hits you but does no damage.
You are lethally poisoned!
Hop to where?
Press: ? - help, Dir - move target cursor Boing!
* * * LOW HITPOINT WARNING * * *
You feel sick.
Crazy Yiuf laughs, "You ladder unthinkable!"
You feel much better.
It was a potion of haste.
You feel yourself speed up.
You feel sick.
Crazy Yiuf hits you with a quarterstaff of chaos.
You are more poisoned.
You hit Crazy Yiuf.
Crazy Yiuf is lightly wounded.
You feel sick. Crazy Yiuf barely misses you.
You hit Crazy Yiuf.
Crazy Yiuf is moderately wounded.
You feel sick.
Crazy Yiuf hits you with a quarterstaff of chaos.
Crazy Yiuf burns you.
You puncture Crazy Yiuf!
Crazy Yiuf is severely wounded.
You feel sick.
Crazy Yiuf hits you with a quarterstaff of chaos.
Crazy Yiuf burns you.
You closely miss Crazy Yiuf.
Crazy Yiuf is severely wounded.
* * * LOW HITPOINT WARNING * * *
You feel sick. Crazy Yiuf hits you but does no damage.
You are more poisoned.
You completely miss Crazy Yiuf.
Crazy Yiuf is severely wounded.
* * * LOW HITPOINT WARNING * * *
You feel sick.
You hit Crazy Yiuf.
Crazy Yiuf is almost dead.
* * * LOW HITPOINT WARNING * * *
You feel sick.
Crazy Yiuf hits you with a quarterstaff of chaos.
* * * LOW HITPOINT WARNING * * *
You are electrocuted!
You die...

#.).#..# #.#
#.#.#..## ##.# ###
#...#)..####..#
#..
##.##.#.....)##
#.. #.##......>..#
#). #.####..######
### #.# #..# #.#
#..###### #@#
#.......##### #g#
#...)......(. #.#
#...<......#.
#.####..##.#.#..#.
#.............g...
######..##.#.#..#.
#..##....<.#.
#..##.#.##.#.
#..##.#.##.#.


You could see Crazy Yiuf.

Vanquished Creatures
  An adder (D:2)
  2 oozes
  A worm (D:3)
  3 dart slugs
  3 leopard geckos
  6 orcs (D:3)
  3 giant cockroaches
  7 goblins
  11 hobgoblins
  4 kobolds
  3 quokkas
  A ball python (D:1)
  6 bats
  8 frilled lizards
  8 rats
67 creatures vanquished.

Notes
Turn   | Place    | Note
-------+----------+-------------------------------------------
     0 | D:1      | Melicamp the Barachi Wanderer began the quest for the Orb.
     0 | D:1      | Melicamp set off with: a +2 dagger, a potion of heal wounds, a scroll of teleportation, a +0 ring mail, a ration
     0 | D:1      | Reached XP level 1. HP: 18/18 MP: 1/1
    90 | D:1      | Reached skill level 4 in Fighting
    90 | D:1      | Reached XP level 2. HP: 25/25 MP: 2/2
   829 | D:1      | Reached XP level 3. HP: 30/31 MP: 3/3
  1357 | D:2      | Reached skill level 5 in Fighting
  1383 | D:2      | Reached skill level 2 in Axes
  1631 | D:2      | Reached XP level 4. HP: 39/39 MP: 4/4
  2407 | D:3      | Found a runed door.
  2411 | D:3      | Noticed Crazy Yiuf
  2417 | D:3      | HP: 3/39 [Crazy Yiuf/quarterstaff of chaos (17)]
  2426 | D:3      | HP: 3/39 [giant cockroach (2)]
  3186 | D:3      | Yiuf wandering
  3212 | D:3      | HP: 8/40 [Crazy Yiuf/quarterstaff of chaos (9)]
  3217 | D:3      | HP: 3/40 [poisoned by Crazy Yiuf]
  3224 | D:3      | HP: 10/40 [poisoned by Crazy Yiuf]
  3225 | D:3      | Mangled by Crazy Yiuf

Skill      XL: |  1  2  3 |
---------------+----------+-----
Fighting       | 4 5 |  5.7
Axes           | 2 |  2.3
Maces & Flails | |  0.4
Staves         | |  2.1
Armour         | |  2.8
Stealth        | |  1.7

Action                   |  1- 3 |  4- 6 || total
-------------------------+-------+-------++-------
Melee: Dagger            |    22 |       ||    22
       Hand axe          |   125 |    84 ||   209
       Morningstar       |       |    63 ||    63
Throw: Stone             |     1 |     2 ||     3
 Abil: Hop               |     2 |     3 ||     5
  Use: Scroll            |     3 |     3 ||     6
       Potion            |       |     3 ||     3
 Stab: Sleeping          |     1 |     2 ||     3
  Eat: Chunk             |     3 |     3 ||     6
       Ration            |       |     1 ||     1
Armor: Ring mail         |    61 |    50 ||   111
       Chain mail        |       |     2 ||     2
Dodge: Dodged            |    88 |    69 ||   157

Vault maps used:
D:1:      tarquinn_simple_flora_water_e, dk_noncrumbling_2
D:3:      corexii_leaking_fountain, uniq_crazy_yiuf_cottage

Table legend:
 A = Turns spent in this place as a percentage of turns spent in the entire game.
 B = Non-inter-level travel turns spent in this place as a percentage of non-inter-level travel turns spent in the entire game.
 C = Inter-level travel turns spent in this place as a percentage of turns spent in this place.
 D = Turns resting spent in this place as a percentage of non-inter-level travel turns spent in this place.
 E = Turns spent auto-exploring this place as a percentage of non-inter-level travel turns spent in this place.
 F = Non-inter-level travel turns spent in this place divided by the number of levels of this place that you've seen.
                   A       B       C       D       E      F
               +-------+-------+-------+-------+-------+----------------------
         Total | 100.0 | 100.0 |   2.0 |  25.9 |  49.8 | 1053.0
       Dungeon | 100.0 | 100.0 |   2.0 |  25.9 |  49.8 | 1053.0
               +-------+-------+-------+-------+-------+----------------------

Table legend:
 A = Kills in this place as a percentage of kills in entire the game.
 B = Kills by you in this place as a percentage of kills by you in the entire game.
 C = Kills by friends in this place as a percentage of kills by friends in the entire game.
 D = Other kills in this place as a percentage of other kills in the entire game.
 E = Experience gained in this place as a percentage of experience gained in the entire game.
 F = Experience gained in this place divided by the number of levels of this place that you have seen.
                   A       B       C       D       E      F
               +-------+-------+-------+-------+-------+----------------------
         Total | 100.0 | 100.0 |   N/A |   N/A | 100.0 |  50.0
       Dungeon | 100.0 | 100.0 |   N/A |   N/A | 100.0 |  50.0
               +-------+-------+-------+-------+-------+----------------------
